 Dungeon Crawl Stone Soup version 0.20.0-15-g7f486f2 (webtiles) character file.

135 speedstein the Shield-Bearer (level 4, -25/44 HPs)
             Began as a Deep Dwarf Fighter on June 21, 2017.
             Killed from afar by a phantom (46 damage)
             ... with an exploding inner flame
             ... hexed by the player character
             ... on level 4 of the Dungeon.
             The game lasted 00:02:20 (762 turns).

speedstein the Shield-Bearer (Deep Dwarf Fighter)    Turns: 762, Time: 00:02:20

Health: -25/44     AC:  6    Str: 20    XL:     4   Next: 97%
Magic:  3/3        EV:  7    Int:  9    God:
Gold:   96         SH:  9    Dex: 12    Spells: 3/3 levels left

rFire    . . .     SeeInvis .   a - +1 war axe
rCold    . . .     Gourm    .   c - +0 shield
rNeg     . . .     Faith    .   b - +0 scale mail
rPois    .         Spirit   .   (no helmet)
rElec    .         Reflect  .   (no cloak)
rCorr    .         Harm     .   (no gloves)
MR       .....                  (no boots)
Stlth    ..........             (no amulet)
Regen    0.0/turn               (no ring)
MPRegen  0.1/turn               (no ring)

@: non-regenerating
A: damage resistance, heal wounds, sense surroundings 1, no regeneration
a: Heal Wounds


You were on level 4 of the Dungeon.
You were not hungry.

You visited 1 branch of the dungeon, and saw 4 of its levels.

You collected 96 gold pieces.

Notes
Turn   | Place    | Note
-------+----------+-------------------------------------------
     0 | D:1      | speedstein the Deep Dwarf Fighter began the quest for the Orb.
     0 | D:1      | Reached XP level 1. HP: 20/20 MP: 1/1
   119 | D:1      | Reached XP level 2. HP: 27/27 MP: 2/2
   630 | D:3      | Reached skill level 4 in Shields
   630 | D:3      | Reached XP level 3. HP: 27/34 MP: 3/3
   634 | D:3      | Huge Dmg: 12 dmg
   648 | D:3      | Reached XP level 4. HP: 41/42 MP: 3/3
   737 | D:4      | Noticed a phantom
   762 | D:4      | Killed a phantom
   762 | D:4      | Killed from afar by a phantom

Inventory:

Hand Weapons
 a - a +1 war axe (weapon)
Missiles
 r - 3 exploding tomahawks
Armour
 b - a +0 scale mail (worn)
 c - a +0 shield (worn)
 m - a +0 pair of gloves
Jewellery
 p - a cursed -2 ring of strength {unknown}
Scrolls
 k - a scroll of remove curse
 o - 2 scrolls of teleportation
Potions
 d - a potion of might
 e - a potion of flight {unknown}
 h - a potion of resistance {unknown}
 l - a potion of ambrosia {unknown}
Comestibles
 f - 2 bread rations
 g - 4 chunks of flesh
 i - a royal jelly

Table legend:
 A = Turns spent in this place as a percentage of turns spent in the entire game.
 B = Non-inter-level travel turns spent in this place as a percentage of non-inter-level travel turns spent in the entire game.
 C = Inter-level travel turns spent in this place as a percentage of turns spent in this place.
 D = Turns resting spent in this place as a percentage of non-inter-level travel turns spent in this place.
 E = Turns spent auto-exploring this place as a percentage of non-inter-level travel turns spent in this place.
 F = Non-inter-level travel turns spent in this place divided by the number of levels of this place that you've seen.
                   A       B       C       D       E      F
               +-------+-------+-------+-------+-------+----------------------
         Total | 100.0 | 100.0 |   1.3 |   0.0 |  16.5 |  78.8
       Dungeon | 100.0 | 100.0 |   1.3 |   0.0 |  16.5 |  78.8
               +-------+-------+-------+-------+-------+----------------------


   Skills:
 + Level 3.7 Fighting
 + Level 3.7 Axes
 - Level 3.2 Armour
 + Level 4.4 Shields


You had 3 spell levels left.
You didn't know any spells.

Dungeon Overview and Level Annotations

Branches:
Dungeon (4/15)
 Temple: D:4-7

Altars:


Innate Abilities, Weirdness & Mutations

You are resistant to damage.
You can heal yourself by infusing magical energy.
You passively map a small area around you.
You do not regenerate.


Message History

The phantom blinks!!!!!!!!!
You block the phantom's attack!!!
Your shield and scale mail prevent you from hitting the phantom!!!
The phantom is almost destroyed!!!
The phantom blinks!!!!!!!!!
The phantom blinks!!!!!!!!!
The phantom blinks!!!!!!!!!
The phantom hits you!!!
The phantom blinks!!!!!!!!!
Damage: -9%(-4hp) hp: 48%(21hp)
You are too injured to fight recklessly!!!!!!!!!
You are too injured to fight recklessly!!!!!!!!!
You are too injured to fight recklessly!!!!!!!!!
The phantom is too close now for your liking!!!
You are too injured to fight recklessly!!!!!!!!!
You are too injured to fight recklessly!!!!!!!!!
You chop the phantom into pieces!!!
The phantom explodes!!!!!!!!!
The fiery explosion engulfs you!!!!!!!!!
DANG rip

, ##.. #., *
.....#. * * *
,#...[#., * ,
......## ** , *
.......###### ,,
* #.......#
#.########.####.#
.....§§§##...##.#
,* **#@####.##†#
, ###.##...##.# ,
* #...##.####.# *
* #.#......#<.#
#.#....#.#### #
#...##.# ,
##.....# , *
##...## * ,....#


There were no monsters in sight!

Table legend:
 A = Kills in this place as a percentage of kills in entire the game.
 B = Kills by you in this place as a percentage of kills by you in the entire game.
 C = Kills by friends in this place as a percentage of kills by friends in the entire game.
 D = Other kills in this place as a percentage of other kills in the entire game.
 E = Experience gained in this place as a percentage of experience gained in the entire game.
 F = Experience gained in this place divided by the number of levels of this place that you have seen.
                   A       B       C       D       E      F
               +-------+-------+-------+-------+-------+----------------------
         Total | 100.0 | 100.0 |  -nan |  -nan | 100.0 |  48.5
       Dungeon | 100.0 | 100.0 |  -nan |  -nan | 100.0 |  48.5
               +-------+-------+-------+-------+-------+----------------------

Vanquished Creatures
  Monster Symbol All 'K'
  2 kobolds
2 creatures vanquished. All 'b' A bat (D:1)
1 creature vanquished. All 'g' 5 goblins (D:1)
5 creatures vanquished. All 'l' 2 leopard geckos (D:1)
2 creatures vanquished. All 'o' An orc priest (D:3) An orc wizard (D:3) 4 orcs (D:3)
6 creatures vanquished. All 'r' 5 rats
5 creatures vanquished. All 's' A scorpion (D:4) A giant cockroach (D:1)
2 creatures vanquished. All 'w' 2 dart slugs (D:1)
2 creatures vanquished.
25 creatures vanquished. Monster Nature Natural Monsters A scorpion (D:4) An orc priest (D:3) An orc wizard (D:3) 2 dart slugs (D:1) 2 leopard geckos (D:1) 4 orcs (D:3) A giant cockroach (D:1) A bat (D:1) 5 goblins (D:1) 2 kobolds 5 rats
25 creatures vanquished.
25 creatures vanquished. Ascending Order A scorpion (D:4) An orc priest (D:3) An orc wizard (D:3) A giant cockroach (D:1) A bat (D:1) 2 dart slugs (D:1) 2 leopard geckos (D:1) 2 kobolds 4 orcs (D:3) 5 goblins (D:1) 5 rats
25 creatures vanquished.

Action                   |  1- 3 |  4- 6 || total
-------------------------+-------+-------++-------
Melee: War axe           |    70 |    20 ||    90
 Abil: Heal Wounds       |     1 |       ||     1
  Use: Scroll            |       |     4 ||     4
Armor: Scale mail        |    28 |     5 ||    33
Dodge: Dodged            |    24 |     5 ||    29
Block: Shield            |    40 |    11 ||    51

Vault maps used:
D:1:      minmay_arrival_glassed_features, hangedman_decor_push
D:2:      first_bread
D:3:      kennysheep_ying_yang
D:4:      uniq_duvessa
